 Dungeon Crawl Stone Soup version 0.23.2-40-g277498a001 (webtiles) character file.

Game seed: 12737019170604837402

53 Martska the Ducker (level 3, -2/27 HPs)
             Began as a Merfolk Ice Elementalist on Oct 3, 2019.
             Killed from afar by Sigmund (8 damage)
             ... with a puff of flame
             ... on level 3 of the Dungeon.
             The game lasted 00:06:07 (1807 turns).

Martska the Ducker (Merfolk Ice Elementalist)       Turns: 1807, Time: 00:06:07

Health: -2/27      AC:  3    Str:  8    XL:     3   Next: 89%
Magic:  6/6        EV: 16    Int: 14    God:
Gold:   103        SH:  0    Dex: 15    Spells: 5/6 levels left

rFire    . . .     SeeInvis .   k - +0 short sword
rCold    . . .     Gourm    .   (no shield)
rNeg     . . .     Faith    .   e - +0 leather armour
rPois    .         Spirit   .   (no helmet)
rElec    .         Reflect  .   (no cloak)
rCorr    .         Harm     .   (no gloves)
MR       .....                  (no boots)
Stlth    ++........             (no amulet)
HPRegen  0.09/turn              l - +3 ring of evasion
MPRegen  0.10/turn              (no ring)

@: no status effects
A: change form in water, swift swim, stealthy swim
a: no special abilities


You were on level 3 of the Dungeon.
You were not hungry.

You visited 1 branch of the dungeon, and saw 3 of its levels.

You collected 103 gold pieces.

Inventory:

Hand Weapons
 g - a +0 whip
 k - a +0 short sword (weapon)
Armour
 a - a +0 robe
 e - a +0 leather armour (worn)
Jewellery
 l - a +3 ring of evasion (left hand)
Scrolls
 b - 2 scrolls of enchant armour {unknown}
 d - 2 scrolls of fog
 f - 3 scrolls of identify
 h - a scroll of blinking {unknown}
 m - 2 scrolls of remove curse
Potions
 i - a potion of mutation {unknown}
 j - a potion of curing
Comestibles
 c - 2 rations


   Skills:
 * Level 1.7 Fighting
 * Level 3.7 Dodging
 + Level 2.7 Stealth
 + Level 2.2 Spellcasting
   Level 0.7 Conjurations
 + Level 3.5 Ice Magic


You had 5 spell levels left.
You knew the following spells:

 Your Spells              Type           Power        Failure   Level  Hunger
a - Freeze                Ice            ##..         8%          1    #......

Your spell library contained the following spells:

 Spells                   Type           Power        Failure   Level  Hunger
 Throw Frost              Conj/Ice       #.....       22%         2    ###....
 Ozocubu's Armour         Chrm/Ice       #.......     43%         3    ###....
 Throw Icicle             Conj/Ice       #.......     80%         4    #####..
 Summon Ice Beast         Ice/Summ       #.......     85%         4    #####..


Dungeon Overview and Level Annotations

Branches:
Dungeon (3/15)

Altars:
Fedhas
Trog

Annotations:
D:3 Sigmund, Terence


Message History

A magic dart appears from out of thin air!
The magic dart hits you.
You open the door.
Found a scroll labeled HUMOFYGRYT.
There is an open door here.
You hear some strange, mumbled words.
You are confused.
Found a metallic grey potion.
Found an escape hatch in the ceiling.
A puff of flame appears from out of thin air!
The puff of flame hits you!
* * * LOW HITPOINT WARNING * * *
Found a potion of curing.
Sigmund appears from thin air!
Reactivating autopickup.
You feel less confused. Sigmund hits you but does no damage.
Sigmund closely misses you. Sigmund casts a spell at you.
The puff of flame hits you!
You die...

######
.!....#########
##......@...!.#
..............+
##............#
#......@.....#
#............#
#............#
#............#
#...........?...
...#.
#............###
(...


You could see Sigmund.

Vanquished Creatures
  2 adders (D:2)
  A ball python (D:1)
  5 bats
  2 giant cockroaches
  8 goblins
  3 hobgoblins
  2 frilled lizards (D:2)
  8 kobolds
  4 rats
35 creatures vanquished.

Notes
Turn   | Place    | Note
-------+----------+-------------------------------------------
     0 | D:1      | Martska the Merfolk Ice Elementalist began the quest for
                  | the Orb.
     0 | D:1      | Reached XP level 1. HP: 13/13 MP: 3/3
   206 | D:1      | Reached XP level 2. HP: 7/20 MP: 0/5
   592 | D:1      | Reached skill level 1 in Fighting
  1089 | D:1      | Reached XP level 3. HP: 26/26 MP: 6/6
  1501 | D:2      | Found a blossoming altar of Fedhas.
  1726 | D:3      | Noticed Terence
  1742 | D:3      | Found a bloodstained altar of Trog.
  1743 | D:3      | Noticed Sigmund
  1807 | D:3      | Killed from afar by Sigmund

Skill      XL: |  1  2 |
---------------+-------+-----
Dodging        | 3 |  3.7
Fighting       | 1 |  1.7
Stealth        | |  2.7
Spellcasting   | |  2.2
Conjurations   | |  0.7
Ice Magic      | |  3.5

Action                   || total
-------------------------++-------
Melee: Whip              ||    31
       Short sword       ||    42
 Cast: Freeze            ||    29
  Use: Scroll            ||     5
 Stab: Sleeping          ||     3
  Eat: Ration            ||     1
Armor: Leather armour    ||    22
Dodge: Dodged            ||    91
